 Dungeon Crawl Stone Soup version 0.30.0-29-ga12c61a403 (webtiles) character file.

Game seed: 2294014372530444579

81 sweetbreads the Digger (level 4, -1/25 HPs)
             Began as a Gargoyle Earth Elementalist on June 7, 2023.
             Was an Initiate of Gozag.
             Killed from afar by Terence (9 damage)
             ... with a bolt of dispelling energy
             ... on level 2 of the Dungeon.
             The game lasted 00:06:20 (1282 turns).

sweetbreads the Digger (GrEE)                       Turns: 1282, Time: 00:06:22

Health: -1/25      AC:  5    Str: 11    XL:     4   Next: 42%
Magic:  3/7        EV: 12    Int: 18    God:    Gozag
Gold:   60         SH:  0    Dex: 10    Spells: 3/7 levels left

rFire   . . .        p - +0 whip
rCold   . . .        (no shield)
rNeg    + . .        a - +0 robe
rPois   ∞            (no helmet)
rElec   +            (no cloak)
rCorr   .            (no gloves)
SInv    .            (no boots)
Will    .....        (no amulet)
Stlth   ++           (no ring)
HPRegen 0.24/turn    (no ring)
MPRegen 0.10/turn

%: no passive effects
@: very slightly contaminated
A: sickness immunity, AC +3, negative energy resistance 1, electricity
resistance, torment resistance 1, petrification resistance
a: Renounce Religion, Potion Petition, Call Merchant, Bribe Branch


You were on level 2 of the Dungeon.
You worshipped Gozag.
Gozag was noncommittal.
You visited 1 branch of the dungeon, and saw 3 of its levels.

You collected 106 gold pieces.
You paid 46 gold pieces to Gozag.

Inventory:

Hand Weapons
 p - a +0 whip (weapon)
Missiles
 e - 3 poisoned darts
 o - a throwing net
Armour
 a - a +0 robe (worn)
Magical Staves
 r - a staff of cold
Jewellery
 k - an amulet of faith
 q - a +6 ring of dexterity
Scrolls
 g - 5 scrolls of teleportation {unknown}
 h - a scroll of magic mapping {unknown}
 j - a scroll of enchant armour {unknown}
 l - a scroll of enchant weapon {unknown}
 m - 2 scrolls of identify {unknown}
 n - 5 scrolls of fog {unknown}
Potions
 b - a potion of magic
 c - a potion of cancellation {unknown}
 d - a potion of lignification {unknown}
 f - a potion of heal wounds {unknown}
 i - 2 potions of curing {unknown}


   Skills:
 * Level 1.2 Fighting
 * Level 1.9 Dodging
 * Level 2.7 Stealth
 - Level 2.0 Spellcasting
 * Level 1.1 Conjurations
 * Level 1.3 Transmutations
 + Level 4.7 Earth Magic


You had 3 spell levels left.
You knew the following spells:

 Your Spells              Type           Power      Damage    Failure   Level
a - Sandblast             Erth           38%        2d10      2%          1
b - Stone Arrow           Conj/Erth      24%        3d8       16%         3

Your spell library contained the following spells:

 Spells                   Type           Power      Damage    Failure   Level
 Passwall                 Tmut/Erth      10%        N/A       8%          2
 Petrify                  Tmut/Erth      12%        N/A       45%         4


Dungeon Overview and Level Annotations

Branches:
Dungeon (3/15)

Altars:
Gozag

Annotations:
D:2 Terence


Innate Abilities, Weirdness & Mutations

You are immune to sickness and miasma.
Your stone body is resilient. (AC +3)
You are immune to poison.
You resist negative energy. (rN+)
You are resistant to electric shocks. (rElec)
You are resistant to unholy torment.
You are immune to petrification.


Message History

Okay, then.
There is a stone staircase leading down here.
Casting: Sandblast (safe; 2% risk of failure)
Confirm with . or Enter, or press ? or * to list all spells.
Aiming: Sandblast (safe; 2% risk of failure)
Press: ? - help, Shift-Dir - straight line, f - Terence
Aim: Terence, wielding a +0 short sword, wearing a +0 scale mail and carrying a wand of quicksilver (11) (84% to hit)
The blast of sand hits Terence.
Terence is lightly wounded.
Terence barely misses you. Terence hits you with a +0 short sword.
Unknown command.
Casting: Sandblast (safe; 2% risk of failure)
Confirm with . or Enter, or press ? or * to list all spells.
Aiming: Sandblast (safe; 2% risk of failure)
Press: ? - help, Shift-Dir - straight line, f/p - Terence
Aim: Terence, wielding a +0 short sword, wearing a +0 scale mail and carrying a wand of quicksilver (11) (lightly wounded, 84% to hit)
You miscast Sandblast.
You are very lightly contaminated with residual magic.
Nothing appears to happen.
Terence barely misses you.
Unknown command.
Casting: Sandblast (safe; 2% risk of failure)
Confirm with . or Enter, or press ? or * to list all spells.
Aiming: Sandblast (safe; 2% risk of failure)
Press: ? - help, Shift-Dir - straight line, f/p - Terence
Aim: Terence, wielding a +0 short sword, wearing a +0 scale mail and carrying a wand of quicksilver (11) (lightly wounded, 84% to hit)
The blast of sand hits Terence.
Terence is moderately wounded.
Terence hits you with a +0 short sword.
* * * LOW HITPOINT WARNING * * *
Unknown command.
Casting: Sandblast (safe; 2% risk of failure)
Confirm with . or Enter, or press ? or * to list all spells.
Aiming: Sandblast (safe; 2% risk of failure)
Press: ? - help, Shift-Dir - straight line, f/p - Terence
Aim: Terence, wielding a +0 short sword, wearing a +0 scale mail and carrying a wand of quicksilver (11) (moderately wounded, 84% to hit)
The blast of sand hits Terence but does no damage.
Terence is moderately wounded.
Terence zaps a wand.
The bolt of dispelling energy hits you!
You die...
Your body crumbles into a pile of gold.

#...# #.#.# ######.#.# ####
##........#
....##########.......†.####
#...................<.##..
#..........#####...#####.#
#........@.###...#####...#
#........@.....###........
#............####..####...
#.?...........).. #...
##.........#.#### #...
#.........#.# #...
#.......###.# ###...
##.......# #.### #...##
#........# ...######.###
#.†......# #....##..#


You could see Terence.

Vanquished Creatures
  4 adders (D:2)
  A dart slug (D:1)
  6 endoplasms
  4 giant cockroaches
  A goblin (D:3)
  4 hobgoblins
  3 kobolds
  4 quokkas
  4 ball pythons
  3 bats
  3 frilled lizards
  4 rats
41 creatures vanquished.

Notes
Turn   | Place    | Note
-------+----------+-------------------------------------------
     0 | D:1      | sweetbreads the Gargoyle Earth Elementalist began the quest
                  | for the Orb.
     0 | D:1      | Reached XP level 1. HP: 10/10 MP: 3/3
    53 | D:2      | Noticed Terence
   135 | D:2      | Reached XP level 2. HP: 16/16 MP: 3/5
   176 | D:2      | Reached skill level 4 in Earth Magic
   343 | D:1      | Reached skill level 1 in Transmutations
   375 | D:1      | Found a faded altar of an unknown god.
   386 | D:2      | Reached XP level 3. HP: 19/20 MP: 3/6
   515 | D:1      | Reached skill level 1 in Fighting
   857 | D:2      | Reached skill level 1 in Conjurations
   857 | D:2      | Reached XP level 4. HP: 25/25 MP: 1/7
   872 | D:1      | Learned a level 3 spell: Stone Arrow
  1203 | D:3      | Found an opulent altar of Gozag.
  1210 | D:3      | Became a worshipper of Gozag Ym Sagoz the Greedy
  1282 | D:2      | Killed from afar by Terence

Illustrated notes

Levels and vault maps discovered:
D:1:      lightli_arrival_chessboard, layout_rooms,
          ebering_ecumenical_altar_mist, solitary_fountain, minmay_hexomino_f4
D:2:      layout_rooms, uniq_terence
D:3:      layout_loops_corners, ashenzari_altar_1, grunt_gozag_statues

Skill      XL: |  1  2  3 |
---------------+----------+-----
Earth Magic    | 4 |  4.7
Transmutations | 1 |  1.3
Fighting       | 1 |  1.2
Conjurations   | 1 |  1.1
Dodging        | |  1.9
Stealth        | |  2.7
Spellcasting   | |  2.0

Action                     |  1- 3 |  4- 6 || total
---------------------------+-------+-------++-------
  Melee: Unarmed           |     1 |       ||     1
         Whip              |       |     1 ||     1
   Cast: Sandblast         |    40 |    16 ||    56
 Armour: Robe              |     3 |       ||     3
  Dodge: Dodged            |    13 |     2 ||    15
